 Dungeon Sprint DCSS version 0.01-2115-ge649c80b0b (webtiles) character file.

Game seed: 16521840033953670729, levelgen mode: deterministic

0 Lanoc the Squelcher (level 1, 0/15 (17) HPs) Formicid Demonspawn. Began on June 7, 2020. Was an Initiate of Jiyva. Slain by a necrophage (3 damage) ... in the Dungeon (Sprint VI: "Thunderdome"). The game lasted 00:00:48 (52 turns).

Lanoc the Squelcher (Formicid Demonspawn)             Turns: 52, Time: 00:00:49

HP:   0/15 (17)     AC:  3    Str: 18    XL:     1 ^: 6
MP:   3/3           EV: 12    Int: 11    God:    Jiyva [...... (15)]
Gold: 200           SH:  0    Dex: 10    Spells: 3/4 levels left

rFire    . . .     Vision   +   a - +0 war axe
rCold    . . .     Gourm    .   (no weapon)
rNeg     . . .     Faith    .   b - +0 leather armour
rPois    .         Spirit   .   (helmet unavailable)
rElec    .         Reflect  .   (no cloak)
rCorr    .         Harm     .   (no gloves)
MR       .....                  (no boots)
Stlth    ++........             (no amulet)
HPRegen  0.00/turn              (no ring)
MPRegen  0.13/turn              (no ring)

@: non-regenerating, diseased
A: permanent stasis, dig shafts and tunnels, four strong arms, antennae 3
a: Dig, Renounce Religion


You were in the Dungeon.
You worshipped Jiyva.
Jiyva was noncommittal.
You were not hungry.

You visited 1 branch You collected 200 gold pieces.

Inventory:

Weapons
 a - a +0 war axe (weapon)
Armour
 b - a +0 leather armour (worn)
Wands
 c - a wand of acid (5)
 k - a wand of iceblast (5)
Scrolls
 j - 4 scrolls of blinking
 l - 3 scrolls of fog
Potions
 e - a potion of curing
 f - 4 potions of heal wounds
 g - 4 potions of haste
 h - 2 potions of magic
 i - a potion of berserk rage
 m - a potion of resistance
Comestibles
 d - a ration


   Skills:
 + Level 2.5 Fighting
 * Level 2.5 Axes & Hammers
 + Level 2.9 Dodging
 - Level 2.4 Stealth
 - Level 2.1 Spellcasting
   Level 3.2 Invocations


You had 3 spell levels left.
You knew the following spells:

 Your Spells              Type           Power        Failure   Level  Hunger
a - Flame Tongue          Fire           1 (40)       30%         1    ##.....

Your spell library contained the following spells:

 Spells                   Type           Power        Failure   Level  Hunger
 Call Imp                 Summ           1 (100)      43%         2    ###....
 Slow                     Hex            1 (100)      43%         2    ###....
 Conjure Flame            Fire           1 (100)      67%         3    ####...
 Mephitic Cloud           Pois/Air       1 (100)      67%         3    ####...
 Blink                    Tloc           Unusable     N/A         2    N/A

Dungeon Overview and Level Annotations

Branches:
Dungeon (1/1)

Altars:
Cheibriados
Dithmenos
Fedhas
Gozag
Kikubaaqudgha
Makhleb
Okawaru
Qazlal
Ru
Sif Muna
Trog
Uskayaw
Vehumet
Wu Jian
Xom
Yredelemnul
Zin
The Shining One
Beogh
Jiyva
Lugonu

Shops:
D *[%?*?*:[((!!!!


Innate Abilities, Weirdness & Mutations

You cannot be hasted, slowed, berserked, paralysed or teleported.
You can dig through walls and to a lower floor.
Your four strong arms can wield two-handed weapons with a shield.
You have a pair of large antennae on your head. (+Vis)


Message History

You hit the necrophage but do no damage.
The necrophage is heavily damaged. (18/30) HP The necrophage barely misses you (0).
You hit the necrophage (5).
The necrophage is heavily damaged. (13/30) HP You barely miss the necrophage.
The necrophage is heavily damaged. (13/30) HP The necrophage hits you (3).
The necrophage barely misses you (0).
You barely miss the necrophage.
You hit the necrophage but do no damage.
The necrophage is heavily damaged. (13/30) HP The necrophage hits you (1).
You feel ill.
You feel your flesh rotting away!
You hit the necrophage but do no damage.
The necrophage is heavily damaged. (13/30) HP You hit the necrophage but do no damage.
The necrophage is heavily damaged. (13/30) HP The necrophage hits you (5).
* * * LOW HITPOINT WARNING * * *
The necrophage hits you (3).
You die...

##.....## ##∩.....∩##
#∩.......∩# #_......._#
#_......._# #_........#
###.........### #⌠...........⌠#
######.8...n@....8.######
##∩.__......###......___∩##
###∩........8.# #.8........∩##
#.............###.............
#⌠..........###...###..........
#⌠..........# #.<.# #..........
#⌠..........###...###..........
##.............###.............
###∩........8.# #.8........∩##


You could see a necrophage.

Vanquished Creatures
  An adder skeleton (D)
  A bat zombie (D)
2 creatures vanquished.

Notes
Turn   | Place    | Note
-------+----------+-------------------------------------------
     0 | D        | Lanoc the Formicid Demonspawn began the quest for the Orb.
     0 | D        | Reached XP level 1. HP: 16/16 MP: 3/3
     1 | D        | Found a shimmering altar of Xom.
     1 | D        | Found a viscous altar of Jiyva.
     2 | D        | Found a hide-covered altar of Uskayaw.
     2 | D        | Found a glowing golden altar of the Shining One.
     3 | D        | Found a blossoming altar of Fedhas.
     3 | D        | Found a bloodstained altar of Trog.
     4 | D        | Found an opulent altar of Gozag.
     4 | D        | Found Kykhimud's Magic Scroll Shop.
     4 | D        | Found Naijurai's Staff Store.
     5 | D        | Found Esmeod's Delicious Food.
     5 | D        | Found Kaaschig's Magic Scroll Shop.
     5 | D        | Found Jyes Mea's Must-Have Magic.
     5 | D        | Round 1.
     9 | D        | Became a worshipper of Jiyva Jauhypou the Shapeless
    12 | D        | Found Yve Bigh's Jewellery.
    13 | D        | Found Xuugus's Advanced Armour.
    14 | D        | Found a radiant altar of Vehumet.
    14 | D        | Found an ancient bone altar of Kikubaaqudgha.
    14 | D        | Found an iron altar of Okawaru.
    23 | D        | Found a glowing silver altar of Zin.
    25 | D        | Found an ornate altar of the Wu Jian Council.
    26 | D        | Found Jiopsofo's Premium Goods.
    27 | D        | Found a burning altar of Makhleb.
    27 | D        | Found a basalt altar of Yredelemnul.
    27 | D        | Found a shimmering blue altar of Sif Muna.
    27 | D        | Found Ylek's Weapon Rack.
    27 | D        | Found Gouzes's Miscellaneous Merchandise.
    27 | D        | Found Faop's Basic Armour.
    31 | D        | Found a sacrificial altar of Ru.
    32 | D        | Found a stormy altar of Qazlal.
    33 | D        | Found a roughly hewn altar of Beogh.
    34 | D        | Found Geros's Do-It-Yourself Clinic.
    34 | D        | Found a shadowy altar of Dithmenos.
    34 | D        | Found a snail-covered altar of Cheibriados.
    34 | D        | Found a corrupted altar of Lugonu.
    34 | D        | Found Sovvedub's Distillery.
    35 | D        | Found Yxohiut's Bottled Wisdom.
    35 | D        | Found Qajauf's Distillery.
    42 | D        | Noticed a necrophage
    52 | D        | Slain by a necrophage

Levels and vault maps discovered:
D:        arena_sprint

Action                   || total
-------------------------++-------
Melee: War axe           ||    12
       Unarmed           ||    10
Armor: Leather armour    ||     2
Dodge: Dodged            ||     8
